 Dungeon Crawl Stone Soup version 0.31-a0-364-gb59cdcccf2 (webtiles) character file.

Game seed: 3698004625642046635

880 floatRand the Ruffian (level 7, -3/52 HPs)
             Began as a Purple Draconian Shapeshifter on July 28, 2023.
             Slain by Edmund
             ... wielding a +3 dire flail of venom
              (7 damage)
             ... on level 5 of the Dungeon.
             The game lasted 00:03:51 (3304 turns).

floatRand the Ruffian (DrSh)                        Turns: 3304, Time: 00:03:51

Health: -3/52      AC:  6    Str: 20    XL:     7   Next: 75%
Magic:  7/7        EV: 10    Int:  8    God:
Gold:   244        SH:  7    Dex: 11    Spells: 6/6 levels left

rFire   . .          .
                       - Unarmed
rCold   . . .        r - +0 kite shield
rNeg    . . .        (body armour unavailable)
rPois   .            (helmet currently unavailable)
rElec   .            (cloak currently unavailable)
rCorr   +            (gloves currently unavailable)
SInv    .            (boots currently unavailable)
Will    +....        n - amulet of regeneration
Stlth   +            m - ring of resist corrosion
HPRegen 1.08/turn    (no ring)
MPRegen 0.10/turn

%: no passive effects
@: lethally poisoned (-3 -> -8), short of breath, beast-form
A: beast (slay +3), breathe power, AC +6, unfitting armour, cold-blooded
a: Breathe Dispelling Energy, Begin Untransformation


You were on level 5 of the Dungeon.
You were a hulking beast.
You visited 1 branch of the dungeon, and saw 5 of its levels.

You collected 244 gold pieces.

Inventory:

Armour
 r - a +0 kite shield (worn)
 x - a +0 cloak
Jewellery
 h - a ring of flight
 m - a ring of resist corrosion (left hand)
 n - an amulet of regeneration (around neck)
 t - a ring of willpower
 A - an amulet of the acrobat
Talismans
 b - a beast talisman
 e - a serpent talisman
Wands
 a - a wand of mindburst (5)
 k - a wand of roots (11)
 o - a wand of flame (49)
Scrolls
 g - a scroll of enchant armour {unknown}
 j - a scroll of noise {unknown}
 p - 2 scrolls of teleportation {unknown}
 q - a scroll of torment {unknown}
 s - a scroll of butterflies {unknown}
 u - a scroll of fear {unknown}
 v - 2 scrolls of amnesia {unknown}
 w - a scroll of fog {unknown}
 y - a scroll of enchant weapon {unknown}
Potions
 d - a potion of mutation
 f - a potion of brilliance {unknown}
 i - a potion of invisibility {unknown}
 l - a potion of degeneration {unknown}
 z - a potion of curing {unknown}


   Skills:
 - Level 1.1 Fighting
 - Level 1.7 Dodging
 - Level 1.7 Shields
 * Level 7.1 Unarmed Combat
 * Level 5.6 Shapeshifting


You had 6 spell levels left.
You didn't know any spells.
Your spell library contained the following spells:

 Spells                   Type           Power      Damage    Failure   Level
 Freeze                   Ice            0%         1d3       75%         1
 Poisonous Vapours        Pois/Air       0%         N/A       86%         2
 Frozen Ramparts          Ice            0%         1d1       98%         3
 Hailstorm                Conj/Ice       0%         3d3       98%         3
 Mephitic Cloud           Conj/Pois/Air  0%         N/A       98%         3
 Freezing Cloud           Conj/Ice/Air   0%         6-21      100%        5


Dungeon Overview and Level Annotations

Branches:
Dungeon (5/15)             Temple (0/1) D:5

Altars:
Ashenzari
Cheibriados
Xom

Annotations:
D:5 Edmund


Innate Abilities, Weirdness & Mutations

You are a hulking beast.
Your limbs bulge with bestial killing power. (Slay +3)
You can breathe bolts of dispelling energy.
Your rich purple scales are hard. (AC +6)
You cannot fit into any form of body armour.
You are cold-blooded and may be slowed by cold attacks.


Message History

You feel much better.
You feel very sick. Edmund closely misses you.
You barely miss Edmund. You tail-slap Edmund, but do no damage.
Edmund is heavily wounded.
You feel very sick. You block Edmund's attack.
Unknown command.
You closely miss Edmund.
Edmund is heavily wounded.
You feel very sick.
Edmund says, "I'm quite good with sums, too."
Edmund hits you with a +3 dire flail of venom!
* * * LOW HITPOINT WARNING * * *
You are lethally poisoned!
You feel much better.
You feel extremely sick.
Edmund zaps a wand.
The puff of flame hits you.
Unknown command.
You closely miss Edmund.
Edmund is heavily wounded.
* * * LOW HITPOINT WARNING * * *
You feel very sick. Edmund barely misses you.
You hit Edmund.
Edmund is heavily wounded.
* * * LOW HITPOINT WARNING * * *
You feel very sick. You block Edmund's attack.
You punch Edmund!
Edmund is almost dead.
* * * LOW HITPOINT WARNING * * *
You feel very sick. Edmund barely misses you.
You hit Edmund.
Your tail-slap misses Edmund.
Edmund is almost dead.
* * * LOW HITPOINT WARNING * * *
You feel very sick.
Edmund hits you with a +3 dire flail of venom!
You die...

..###....####
#.###.......#
#...........#
..##...##..#
#.##...##.##
.###.........##
........>.....#
#..........#
.##h..##..#
#.##@..##..#
#..........#
...+.........+
.# #.........#
# ##.......##
##....$##
##..<## ##+#.


You could see Edmund.

Vanquished Creatures
  Pikel (D:3)
  An orc warrior (D:3)
  3 lemures (D:3)
  An iguana (D:4)
  Jessica (D:2)
  Ijyb (D:3)
  5 orc wizards
  Robin (D:4)
  An adder (D:2)
  An ufetubus (D:4)
  A worm (D:3)
  2 dart slugs (D:2)
  12 orcs
  2 bats
  7 endoplasms
  6 hobgoblins
  3 ball pythons
  15 goblins
  7 kobolds
  5 rats
76 creatures vanquished.

Vanquished Creatures (others)
  An orc wizard (D:5)
1 creature vanquished.

Grand Total: 77 creatures vanquished

Notes
Turn   | Place    | Note
-------+----------+-------------------------------------------
     0 | D:1      | floatRand the Draconian Shapeshifter began the quest for
                  | the Orb.
     0 | D:1      | Reached XP level 1. HP: 16/16 MP: 1/1
    62 | D:1      | Found a faded altar of an unknown god.
   321 | D:1      | Reached XP level 2. HP: 23/23 MP: 2/2
   686 | D:2      | Found a shimmering altar of Xom.
   687 | D:2      | Noticed Jessica
   689 | D:2      | Killed Jessica
   690 | D:2      | Reached skill level 4 in Unarmed Combat
   690 | D:2      | Reached XP level 3. HP: 28/28 MP: 3/3
  1319 | D:3      | Noticed an orc warrior
  1327 | D:3      | Killed an orc warrior
  1328 | D:3      | Reached skill level 1 in Shields
  1328 | D:3      | Reached XP level 4. HP: 35/35 MP: 4/4
  1328 | D:3      | Reached XP level 5. HP: 40/40 MP: 5/5
  1329 | D:3      | Reached skill level 5 in Unarmed Combat
  1484 | D:3      | Found a shimmering altar of Xom.
  1486 | D:3      | Found a snail-covered altar of Cheibriados.
  1533 | D:3      | Found a broken altar of Ashenzari.
  1560 | D:3      | Noticed Ijyb
  1580 | D:3      | Killed Ijyb
  2488 | D:4      | Reached XP level 6. HP: 29/47 MP: 6/6
  2684 | D:4      | Noticed Pikel
  2990 | D:3      | Killed Pikel
  2991 | D:3      | Reached skill level 6 in Unarmed Combat
  2991 | D:3      | Reached skill level 5 in Shapeshifting
  2991 | D:3      | Your scales start taking on a rich purple colour.
  2991 | D:3      | Reached XP level 7. HP: 32/52 MP: 7/7
  3046 | D:4      | Noticed Robin
  3056 | D:4      | Killed Robin
  3168 | D:5      | Entered Level 5 of the Dungeon
  3250 | D:5      | Reached skill level 7 in Unarmed Combat
  3271 | D:5      | Found a staircase to the Ecumenical Temple.
  3287 | D:5      | Noticed Edmund
  3304 | D:5      | Slain by Edmund

Illustrated notes

Levels and vault maps discovered:
D:1:      dpeg_arrival_fog, layout_loops_cross,
          hellmonk_ecumenical_altar_arch_garden, minivault_4
D:2:      layout_loops_ring, basic_altar, serial_bayou_lake_a, uniq_jessica
D:3:      layout_basic, overflow_temple_1_default,
          mainiacjoe_overflow_catch_the_wave, grunt_decor_fettered, uniq_ijyb
D:4:      layout_gridville, uniq_robin, uniq_pikel
D:5:      layout_loops_corners, nicolae_dithmenos_through_a_glass_darkly,
          gammafunk_temple_overflow_forgotten,
          beargit_hepliaklqana_dungeon_heroes, grunt_qazlal_clouds,
          minmay_temple_entry_stoned_glass, minmay_ogre_servants, uniq_edmund,
          uniq_grinder

Skill      XL: |  1  2  3  4  5  6  7 |
---------------+----------------------+-----
Unarmed Combat | 4 5 6 7 |  7.1
Shields        | 1 |  1.7
Shapeshifting  | 4 5 |  5.6
Fighting       | |  1.1
Dodging        | |  1.7

Action                     |  1- 3 |  4- 6 |  7- 9 || total
---------------------------+-------+-------+-------++-------
  Melee: Unarmed           |    60 |   125 |    49 ||   234
         Tailslap          |     5 |    10 |     4 ||    19
         Punch             |     4 |       |       ||     4
Ability: Breathe Dispellin |       |       |     1 ||     1
    Use: Potion            |     1 |     1 |     2 ||     4
         Scroll            |       |       |     2 ||     2
 Armour: Skin              |    12 |    34 |    16 ||    62
  Dodge: Dodged            |    26 |    57 |    18 ||   101
  Block: Kite shield       |       |    44 |    13 ||    57

Table legend: (Time is in decaauts)
 A = Elapsed time spent in this place.
 B = Non-inter-level travel time spent in this place.
 C = Inter-level travel time spent in this place.
 D = Time resting spent in this place.
 E = Time spent auto-exploring this place.
 F = Levels seen in this place.
 G = Mean time per level.
                   A        B        C        D        E       F      G
               +--------+--------+--------+--------+--------+-----+--------+
         Total |   3339 |   3228 |    111 |    290 |   2202 |   5 |  667.8 |
       Dungeon |   3339 |   3228 |    111 |    290 |   2202 |   5 |  667.8 |
               +--------+--------+--------+--------+--------+-----+--------+

Top non-repeatable levels by time:
     D:3: 1095 daAuts
     D:4: 837 daAuts
     D:2: 665 daAuts
     D:1: 605 daAuts
     D:5: 135 daAuts
